 Dungeon Crawl Stone Soup version 0.27.1-33-g824d729ab1 (webtiles) character file.

Game seed: 17492008312689955443

12549 safid the Severer (level 11, -9/94 HPs)
             Began as a Hill Orc Fighter on Dec 16, 2021.
             Was an Elder of Beogh.
             Mangled by a death yak (17 damage)
             ... on level 11 of the Dungeon.
             The game lasted 00:27:06 (11407 turns).

safid the Severer (Hill Orc Fighter)               Turns: 11407, Time: 00:27:08

Health: -9/94      AC: 22    Str: 23    XL:     11   Next: 95%
Magic:  11/11      EV:  9    Int: 12    God:    Beogh [****..]
Gold:   591        SH: 13    Dex: 13    Spells: 10/10 levels left

rFire    . . .     SeeInvis +   F - +6 war axe of Indomitability {vorpal, Dex+3}
rCold    . . .     Faith    .   c - +0 kite shield
rNeg     . . .     Spirit   .   A - +1 scale mail of Classification {rCorr Int+4}
rPois    +         Reflect  .   r - +2 helmet {SInv}
rElec    .         Harm     .   b - scarf {+Inv}
rCorr    +         Rampage  .   z - +2 pair of gloves
Will     .....                  o - +2 pair of boots
Stlth    ..........             n - amulet of the acrobat
HPRegen  0.25/turn              C - +4 ring of protection
MPRegen  0.12/turn              t - ring of poison resistance

@: no status effects
A: no striking features
a: Renounce Religion, Evoke Invisibility, Smiting, Recall Orcish Followers


You were on level 11 of the Dungeon.
You worshipped Beogh.
Beogh was greatly pleased with you.
You visited 1 branch of the dungeon, and saw 11 of its levels.

You collected 591 gold pieces.

Inventory:

Hand Weapons
 w - the +4 spear "Qecaeka" {vorpal, rElec rPois rF- Int-2}
   (You found it on level 6 of the Dungeon)

   It inflicts extra damage upon your enemies.
   Int:       It affects your intelligence (-2).
   rF:        It makes you vulnerable to fire.
   rElec:     It insulates you from electricity.
   rPois:     It protects you from poison.
 y - the +5 rapier of Moral Flaws {freeze, rPois MP+9 SInv Stlth-}
   (You found it on level 6 of the Dungeon)

   It freezes those it strikes, dealing additional cold damage.
   It can also slow down cold-blooded creatures.
   rPois:     It protects you from poison.
   MP:        It affects your magic capacity (+9).
   SInv:      It lets you see invisible.
   Stlth:     It makes you less stealthy.
 F - the +6 war axe of Indomitability (weapon) {vorpal, Dex+3}
   (You found it on level 8 of the Dungeon)

   It inflicts extra damage upon your enemies.
   Dex:       It affects your dexterity (+3).
 G - the +6 war axe of Riagat {vorpal, *Noise +Blink rC+++ Str-3}
   (You found it on level 9 of the Dungeon)

   It inflicts extra damage upon your enemies.
   Str:       It affects your strength (-3).
   rC:        It renders you almost immune to cold.
   +Blink:    It lets you blink.
   *Noise:    It may make noises in combat.
Missiles
 i - 6 throwing nets
 q - 17 poisoned darts (quivered)
Armour
 b - a scarf of invisibility (worn)
 c - a +0 kite shield (worn)
 o - a +2 pair of boots (worn)
 r - a +2 helmet of see invisible (worn)
 z - a +2 pair of gloves (worn)
 A - the +1 scale mail of Classification (worn) {rCorr Int+4}
   (You found it on level 8 of the Dungeon)

   Int:       It affects your intelligence (+4).
   rCorr:     It protects you from acid and corrosion.
 D - a +2 chain mail of positive energy
Jewellery
 m - a ring of flight
 n - an amulet of the acrobat (around neck)
 t - a ring of poison resistance (right hand)
 C - a +4 ring of protection (left hand)
 K - a +6 ring of dexterity
Wands
 u - a wand of flame (18)
 B - a wand of iceblast (8)
 E - a wand of polymorph (11)
Scrolls
 f - 11 scrolls of teleportation
 g - a scroll of magic mapping
 h - 2 scrolls of fear
 p - a scroll of enchant weapon
 J - a scroll of blinking {unknown}
Potions
 d - a potion of degeneration {unknown}
 e - a potion of berserk rage {unknown}
 j - 3 potions of heal wounds
 k - 4 potions of lignification
 l - 3 potions of haste
 s - a potion of resistance {unknown}
 v - 3 potions of curing
 x - 3 potions of magic {unknown}
 H - a potion of mutation {unknown}
 I - a potion of attraction {unknown}
 L - a potion of cancellation {unknown}


   Skills:
 - Level 8.0 Fighting
 + Level 15.2 Axes
 - Level 6.0 Armour
 + Level 13.3 Shields


You had 10 spell levels left.
You didn't know any spells.
Your spell library contained the following spells:

 Spells                   Type           Power      Damage    Failure   Level
 Foxfire                  Conj/Fire      0%         2x1d4     67%         1
 Conjure Flame            Conj/Fire      0%         6-21      96%         3
 Inner Flame              Hex/Fire       0%         N/A       96%         3
 Portal Projectile        Hex/Tloc       0%         N/A       96%         3
 Airstrike                Air            0%         N/A       100%        4
 Cause Fear               Hex            0%         N/A       100%        4
 Summon Lightning Spire   Summ/Air       0%         N/A       100%        4
 Blade Hands              Tmut           0%         N/A       100%        5
 Excruciating Wounds      Necr           0%         N/A       100%        5
 Lightning Bolt           Conj/Air       0%         1d11      100%        5
 Starburst                Conj/Fire      0%         6d3       100%        6
 Discord                  Hex            0%         N/A       100%        8


Dungeon Overview and Level Annotations

Branches:
Dungeon (11/15)            Temple (0/1) D:7
   Lair: D:8-11         Orc: D:9-12

Altars:
Ashenzari
Cheibriados
Nemelex Xobeh
Qazlal
Wu Jian
Xom

Annotations:
D:2 1 runed translucent door, Crazy Yiuf


Message History

You hit the death yak. You slash the death yak! The death yak gores you!
Your orc priest miscasts a cantrip.
The death yak gores you but does no damage.
Your Axes skill increases to level 15!
You slash the death yak!
The death yak is heavily wounded.
You slash the death yak! You hit the death yak.
The death yak gores you but does no damage.
Your orc priest begins to cast a cantrip, but forgets the words!
Unknown command.
You slash the death yak!
The death yak is severely wounded.
You hit the death yak but do no damage. You slash the death yak!
You hit the death yak but do no damage. You block the death yak's attack.
The death yak gores you but does no damage.
The death yak gores you!
The death yak gores you but does no damage.
You slash the death yak!
The death yak is almost dead.
You hit the death yak but do no damage. You barely miss the death yak. x2
Your orc priest hits the death yak with a +0 hand axe.
The death yak gores you!
The death yak gores you but does no damage.
The death yak barely misses you. You block the death yak's attack.
You hit the death yak but do no damage.
The death yak is almost dead.
You hit the death yak. x3
Your orc priest begins to cast a cantrip, but forgets the words!
You block the death yak's attack. The death yak gores you!
* * * LOW HITPOINT WARNING * * *
The death yak gores you!
* * * LOW HITPOINT WARNING * * *
The death yak gores you but does no damage.
As you read the scroll of fear, it crumbles to dust.
You assume a fearsome visage.
The death yak resists with some effort.
The death yak looks frightened! x2
The death yak resists with almost no effort.
Your orc priest hits the death yak with a +0 hand axe.
You block the death yak's attack. The death yak gores you!
You die...

........+ ........#.. ..
......# ........#...
.......... o.[.....#....
#......... .o.#####
....##..(.....# ...#
...#.....(... ...#
+.......#YY..... ...#
#.... #Y††..# ...# #...#
#@Y#
####..###...####.o####+#
#.....#.................#
#.....#.................#
#.....#.................#
#.....#.................#
#.....##...####'#########
#....o##...###....#
#....o......#.....#


You could see 4 death yaks and a friendly orc priest.

Vanquished Creatures
  Harold (D:8)
  A hydra (D:11)
  2 two-headed ogres
  2 death yaks (D:11)
  Pikel (D:4)
  A manticore (D:11)
  Joseph (D:10)
  Psyche (D:8)
  An unseen horror (D:10)
  4 trolls
  Sigmund (D:4)
  A wyvern (D:9)
  A vampire (D:10)
  11 yaks
  2 steam dragons
  3 water moccasins
  An orc warrior (D:9)
  3 necrophages
  2 ogres
  6 centaurs
  A phantom (D:5)
  A kobold brigand (D:9)
  4 bullfrogs
  4 scorpions
  A wyvern skeleton (D:7)
  3 water moccasin skeletons
  4 howler monkeys
  A bullfrog zombie (D:7)
  3 centaur zombies
  4 hounds
  A jelly (D:6)
  2 orc priests
  A bullfrog skeleton (D:6)
  A centaur skeleton (D:7)
  An iron imp (D:4)
  Jessica (D:3)
  2 gnoll shamans
  2 iguanas (D:4)
  6 orc wizards
  A hound zombie (D:5)
  2 hound skeletons (D:5)
  Robin (D:4)
  7 adders
  12 gnolls
  A howler monkey skeleton (D:5)
  A shadow imp (D:5)
  A white imp (D:4)
  4 worms
  4 dart slugs
  11 orcs
  6 endoplasms
  5 giant cockroaches
  12 goblins
  14 hobgoblins
  13 kobolds
  2 quokkas
  5 ball pythons
  4 bats
  3 frilled lizards (D:1)
  4 rats
202 creatures vanquished.

Vanquished Creatures (collateral kills)
  A death yak (D:11)
  A yak (D:11)
  An orc wizard (D:11)
  2 orcs
5 creatures vanquished.

Vanquished Creatures (others)
  3 orc warriors (D:11)
  An orc priest (D:11)
  2 orc wizards (D:11)
  An adder (D:3)
  2 orcs
  A frilled lizard (D:3)
10 creatures vanquished.

Grand Total: 217 creatures vanquished

Notes
Turn   | Place    | Note
-------+----------+-------------------------------------------
     0 | D:1      | safid the Hill Orc Fighter began the quest for the Orb.
     0 | D:1      | Reached XP level 1. HP: 19/19 MP: 1/1
   238 | D:1      | Reached skill level 3 in Axes
   238 | D:1      | Reached XP level 2. HP: 27/27 MP: 2/2
   413 | D:1      | Found a faded altar of an unknown god.
   446 | D:1      | Reached XP level 3. HP: 33/33 MP: 3/3
   939 | D:2      | Reached XP level 4. HP: 27/40 MP: 4/4
  1314 | D:2      | Found a runed translucent door.
  1315 | D:2      | Noticed Crazy Yiuf
  1700 | D:3      | Noticed Jessica
  1705 | D:3      | Killed Jessica
  1706 | D:3      | Reached skill level 4 in Axes
  1756 | D:3      | Became a worshipper of Beogh the Brigand
  1764 | D:3      | Reached XP level 5. HP: 40/47 MP: 5/5
  2488 | D:3      | Found an ornate altar of the Wu Jian Council.
  2692 | D:4      | Noticed a lemure
  2693 | D:4      | Noticed Pikel
  2693 | D:4      | Noticed a lemure
  2708 | D:4      | Noticed a lemure
  2716 | D:4      | Noticed a lemure
  2717 | D:4      | Killed Pikel
  2718 | D:4      | Reached skill level 5 in Fighting
  2718 | D:4      | Reached skill level 5 in Axes
  2718 | D:4      | Reached skill level 5 in Armour
  2718 | D:4      | Reached skill level 5 in Shields
  2718 | D:4      | Reached XP level 6. HP: 7/57 MP: 6/6
  2718 | D:4      | Reached XP level 7. HP: 8/62 MP: 7/7
  3122 | D:4      | Noticed Robin
  3192 | D:4      | Reached * piety under Beogh
  3200 | D:4      | Killed Robin
  3347 | D:4      | Reached skill level 6 in Axes
  3478 | D:4      | Reached XP level 8. HP: 58/71 MP: 8/8
  4349 | D:4      | Noticed Sigmund
  4361 | D:4      | Killed Sigmund
  4362 | D:4      | Reached skill level 7 in Axes
  4475 | D:4      | Found a snail-covered altar of Cheibriados.
  4568 | D:5      | Entered Level 5 of the Dungeon
  4812 | D:5      | Reached skill level 8 in Axes
  5065 | D:5      | Reached XP level 9. HP: 81/81 MP: 9/9
  5380 | D:5      | Reached ** piety under Beogh
  5584 | D:5      | Reached skill level 9 in Axes
  5726 | D:6      | Found a sparkling altar of Nemelex Xobeh.
  5782 | D:6      | Identified the +4 spear "Qecaeka" {vorpal, rElec rPois rF-
                  | Int-2}
  5851 | D:6      | Reached skill level 10 in Axes
  5959 | D:6      | Identified the +5 rapier of Moral Flaws {freeze, rPois MP+9
                  | SInv Stlth-}
  6084 | D:6      | Noticed a troll
  6104 | D:6      | Killed a troll
  6525 | D:7      | Found a broken altar of Ashenzari.
  6979 | D:7      | Reached XP level 10. HP: 75/88 MP: 10/10
  7071 | D:7      | Found a stormy altar of Qazlal.
  7112 | D:7      | Got Olliof's Papyrus of Conjuration
  7287 | D:7      | Reached skill level 11 in Axes
  7518 | D:7      | Found a staircase to the Ecumenical Temple.
  7712 | D:8      | Identified the +1 scale mail of Classification {rCorr
                  | Int+4}
  7726 | D:8      | Noticed a two-headed ogre
  7738 | D:8      | Killed a two-headed ogre
  7739 | D:8      | Reached skill level 10 in Shields
  7795 | D:8      | Reached *** piety under Beogh
  7931 | D:8      | Noticed Psyche
  7942 | D:8      | Killed Psyche
  8021 | D:8      | Noticed Harold
  8046 | D:8      | Killed Harold
  8047 | D:8      | Reached skill level 12 in Axes
  8350 | D:8      | Identified the +6 war axe of Indomitability {vorpal, Dex+3}
  9115 | D:9      | Identified the +6 war axe of Riagat {vorpal, *Noise +Blink
                  | rC+++ Str-3}
  9250 | D:9      | Found a shimmering altar of Xom.
  9251 | D:9      | Found a shimmering altar of Xom.
  9251 | D:9      | Found a shimmering altar of Xom.
  9252 | D:9      | Found a shimmering altar of Xom.
  9253 | D:9      | Found a shimmering altar of Xom.
  9263 | D:9      | Found a shimmering altar of Xom.
  9264 | D:9      | Found a shimmering altar of Xom.
  9492 | D:10     | Entered Level 10 of the Dungeon
  9560 | D:10     | Reached skill level 13 in Axes
  9812 | D:10     | Reached XP level 11. HP: 94/94 MP: 11/11
 10504 | D:10     | Noticed Joseph
 10519 | D:10     | Killed Joseph
 10730 | D:11     | Reached skill level 14 in Axes
 10739 | D:11     | Noticed a two-headed ogre
 10746 | D:11     | Killed a two-headed ogre
 10867 | D:11     | Noticed a manticore
 10877 | D:11     | Killed a manticore
 11074 | D:11     | Reached **** piety under Beogh
 11156 | D:11     | Noticed a five-headed hydra
 11166 | D:11     | Killed a five-headed hydra
 11385 | D:11     | Noticed a death yak
 11385 | D:11     | Noticed a death yak
 11385 | D:11     | Noticed a death yak
 11385 | D:11     | Noticed a death yak
 11385 | D:11     | Noticed a death yak
 11387 | D:11     | Noticed a death yak
 11388 | D:11     | Noticed a death yak
 11395 | D:11     | Killed a death yak
 11402 | D:11     | Killed a death yak
 11402 | D:11     | Killed a death yak
 11403 | D:11     | Reached skill level 15 in Axes
 11407 | D:11     | Mangled by a death yak

Illustrated notes

Levels and vault maps discovered:
D:1:      minmay_arrival_checkered_box, layout_rooms,
          hellmonk_ecumenical_altar_pennies_from_heaven, st_stairs_11
D:2:      layout_loops_ring, uniq_crazy_yiuf_cottage
D:3:      layout_loops_ring, nzn_wu_jian_contemplation, uniq_jessica
D:4:      layout_basic, chei_slow_surprise, uniq_pikel, uniq_robin, uniq_sigmund
D:5:      minmay_skewed_foursquare, layout_gridville, dk_rats_in_the_wall
D:6:      layout_cave_pools, nemelex_xobeh_ov_fountains_minmay
D:7:      layout_basic, grunt_temple_overflow_open,
          minmay_temple_entry_enclosed_plants
D:8:      layout_basic, uniq_harold, uniq_psyche
D:9:      layout_basic, xom_shifter_show
D:10:     layout_basic, kennysheep_pointless_box, uniq_joseph
D:11:     layout_gridville, dpeg_lair_monsters

Skill      XL: |  1  2  3  4  5  6  7  8  9 10 11 |
---------------+----------------------------------+-----
Axes           | 3 4 5 6 8 10 13 15 | 15.2
Fighting       | 4 5 6 8 |  8.0
Armour         | 4 5 6 |  6.0
Shields        | 4 5 7 9 11 13 | 13.3

Action                   |  1- 3 |  4- 6 |  7- 9 | 10-12 || total
-------------------------+-------+-------+-------+-------++-------
Melee: War axe           |    73 |    94 |   367 |   237 ||   771
       Unarmed           |       |       |       |     2 ||     2
       Spear             |       |       |       |     6 ||     6
Throw: Dart              |       |       |    19 |    10 ||    29
       Throwing net      |       |       |       |     2 ||     2
Invok: Convert to Beogh  |       |     1 |       |       ||     1
  Use: Potion            |       |     1 |       |       ||     1
       Scroll            |       |       |     9 |    10 ||    19
 Stab: Held in net/web   |       |       |       |     1 ||     1
       Confused          |       |       |       |     1 ||     1
Armor: Scale mail        |    34 |    27 |   164 |    96 ||   321
Dodge: Dodged            |    23 |    30 |   132 |    73 ||   258
Block: Kite shield       |    46 |    44 |   231 |   155 ||   476
